 Dungeon Crawl Stone Soup version 0.16-a0-253-g996e5b4 (webtiles) character file.

116 Qrupt the Vexing (level 4, -2/30 HPs)
             Began as a Vampire Enchanter on Aug 23, 2014.
             Killed from afar by Natasha (8 damage)
             ... with a magic dart
             ... on Level 3 of the Dungeon.
             The game lasted 00:08:18 (2586 turns).

Qrupt the Vexing (Vampire Enchanter)                Turns: 2586, Time: 00:08:20

HP  -2/30        AC  3     Str  7      XL: 4   Next: 69%
MP   1/7         EV 13     Int 17      God:
Gold 42          SH  0     Dex 15      Spells:  2 memorised,  4 levels left

rFire  . . .     SeeInvis +     a - +1 dagger
rCold  + + .     Clarity  .     b - +1 robe
rNeg   + + +     rCorr    .     (no shield)
rPois  +         rRot     +     (no helmet)
rElec  .         Spirit   .     (no cloak)
SustAb .         Warding  .     (no gloves)
rMut   .         Stasis   .     (no boots)
Gourm  .                        (no amulet)
MR     .....                    (no ring)
                                (no ring)

@: very slightly contaminated, regenerating slowly, not resistant to hostile
enchantments, stealthy
A: fangs 3, see invisible, unbreathing
a: Bat Form


You were on level 3 of the Dungeon.
You were near bloodless.

You visited 1 branch of the dungeon, and saw 3 of its levels.

You collected 42 gold pieces.

Inventory:

Hand weapons
 a - a +1 dagger (weapon)
Armour
 b - a +1 robe (worn)
Scrolls
 e - 3 scrolls of amnesia {unknown}
 f - a scroll of enchant weapon {unknown}
 g - a scroll of teleportation {unknown}
 h - 3 scrolls of identify {unknown}
 i - a scroll of fear {unknown}
 j - a scroll of blinking {unknown}
 k - 2 scrolls of enchant armour {unknown}
Potions
 l - a potion of heal wounds {unknown}
 m - a potion of magic {unknown}
Books
 c - a book of Maledictions

   Spells                             Type                      Level
   *Corona                            Hexes                        1
   Sure Blade                         Hexes/Charms                 2
   *Ensorcelled Hibernation           Hexes/Ice                    2
   Confuse                            Hexes                        3
   Dazzling Spray                     Conjuration/Hexes            3
   Enslavement                        Hexes                        4


   Skills:
 + Level 2.5 Short Blades
 + Level 3.2 Dodging
 + Level 5.3 Stealth
 + Level 2.2 Spellcasting
 + Level 5.5 Hexes


You had 4 spell levels left.
You knew the following spells:

 Your Spells              Type           Power        Failure   Level  Hunger
a - Corona                Hex            ###....      1%          1    #......
b - Ensorcelled Hibernat  Hex/Ice        ##....       12%         2    ##.....


Dungeon Overview and Level Annotations

Branches:
Dungeon (3/15)

Altars:

Annotations:
D:3 Natasha


Innate Abilities, Weirdness & Mutations

You heal slowly.
You have razor-sharp teeth.
You have supernaturally acute eyesight.
You can survive without breathing.


Message History

Confirm with . or Enter, or press ? or * to list all spells.
Aiming: Ensorcelled Hibernation
Press: ? - help, Shift-Dir - straight line, f/p - orc priest
Aim: an orc priest, wielding a flail and wearing a chain mail You miscast Ensorcelled Hibernation.
You are very lightly contaminated with residual magic.
Waves of light ripple over your body.
Natasha, Servant of Life and Death comes into view.
Casting: Ensorcelled Hibernation
Confirm with . or Enter, or press ? or * to list all spells.
Aiming: Ensorcelled Hibernation
Press: ? - help, Shift-Dir - straight line, f/p - orc priest
Aim: an orc priest, wielding a flail and wearing a chain mail The orc priest resists.
The orc priest mumbles some strange prayers to Beogh against you.
Something smites you!
* * * LOW HITPOINT WARNING * * *
Natasha stares at you and mumbles some strange words.
The magic dart hits you!
You die...

#.......# #.#
#.....# #.#
#..)############
#.#
##.#)%....%....#
#.#
#o#o#########h##
#.# o.#.#
###...###.# .###.#
##...#....<# .#
##.#####........###
.#
#..o..@......##...#
#..#####........#.#
#..# ##...#.###)#
#..# ##....# #.#
#..# #.#.## #.#
#..# #.#.# #.# #.g.
....# #.# #.##
##.### #%# #.. #.#


You could see an orc priest and Natasha.

Vanquished Creatures
  An orc wizard (D:3)
  Natasha (D:3)
  An adder (D:2)
  2 worms
  2 orcs (D:3)
  9 bats
  A giant cockroach (D:1)
  7 goblins
  2 hobgoblins (D:1)
  9 jackals
  A giant newt (D:1)
  A kobold (D:2)
  3 rats
40 creatures vanquished.

Notes
Turn   | Place    | Note
--------------------------------------------------------------
     0 | D:1      | Qrupt, the Vampire Enchanter, began the quest for the Orb.
     0 | D:1      | Reached XP level 1. HP: 13/13 MP: 3/3
   441 | D:1      | Reached XP level 2. HP: 8/19 MP: 2/4
  1627 | D:2      | Reached skill level 5 in Hexes
  1631 | D:2      | Learned a level 2 spell: Ensorcelled Hibernation
  1649 | D:2      | Reached XP level 3. HP: 24/24 MP: 0/6
  1942 | D:2      | Reached skill level 5 in Stealth
  2374 | D:3      | Noticed Natasha
  2376 | D:3      | Killed Natasha
  2376 | D:3      | Reached XP level 4. HP: 30/30 MP: 7/7
  2586 | D:3      | Noticed Natasha
  2586 | D:3      | Killed from afar by Natasha

Action                   |  1- 3 |  4- 6 || total
-------------------------+-------+-------++-------
Melee: Dagger            |   108 |    20 ||   128
 Cast: Corona            |    14 |     2 ||    16
       Ensorcelled Hiber |     3 |     4 ||     7
 Stab: Sleeping          |    12 |     4 ||    16
  Eat: Corpse            |     1 |       ||     1
